 Dungeon Crawl Stone Soup version 0.28-a0-1002-gf00fe891ef (webtiles) character file.

Game seed: 7117215612168673410

252 r3xj the Basher (level 5, -3/67 HPs)
             Began as a Minotaur Berserker on Dec 6, 2021.
             Was a Believer of Trog.
             Slain by a kobold brigand (5 damage)
             ... in a sewer.
             The game lasted 00:06:41 (3586 turns).

r3xj the Basher (Minotaur Berserker)                Turns: 3586, Time: 00:06:48

Health: -3/67      AC:  6    Str: 22    XL:     5   Next: 89%
Magic:  4/4        EV: 10    Int:  4    God:    Trog [**....]
Gold:   99         SH:  0    Dex: 11    Spells: 4/4 levels left

rFire   . . .      SeeInvis .   a - +0 mace
rCold   . . .      Faith    .   (no shield)
rNeg    . . .      Spirit   .   p - +0 scale mail
rPois   .          Reflect  .   (helmet restricted)
rElec   .          Harm     .   (no cloak)
rCorr   .          Rampage  .   (no gloves)
Will    .....                   (no boots)
Stlth   ..........              (no amulet)
HPRegen 0.21/turn               (no ring)
MPRegen 0.09/turn               (no ring)

@: berserking, lethally poisoned (-3 -> -14), very quick
A: horns 2, retaliatory headbutt
a: Renounce Religion, Berserk, Trog's Hand


You were in a sewer.
You worshipped Trog.
Trog was pleased with you.
You visited 1 branch of the dungeon, and saw 5 of its levels.
You also visited: Sewer.

You collected 99 gold pieces.

Inventory:

Hand Weapons
 a - a +0 mace (weapon)
 b - a +0 hunting sling
 f - a +1 dagger of venom
 o - a +0 shortbow of freezing
Missiles
 e - 108 stones
 g - 22 poisoned darts (quivered)
 i - 2 throwing nets
 n - 18 sling bullets
Armour
 p - a +0 scale mail (worn)
Scrolls
 d - 5 scrolls of identify {unknown}
 h - 2 scrolls of noise {unknown}
 u - a scroll of silence {unknown}
Potions
 c - 3 potions of heal wounds {unknown}
 j - a potion of resistance {unknown}
 k - a potion of flight {unknown}
 l - a potion of lignification {unknown}
 m - a potion of might {unknown}
 q - 2 potions of magic {unknown}
 r - a potion of brilliance {unknown}
 s - 2 potions of invisibility {unknown}
 t - a potion of cancellation {unknown}


   Skills:
 - Level 3.6 Fighting
 + Level 8.0 Maces & Flails
 - Level 2.4 Armour
 - Level 2.1 Dodging


You had 4 spell levels left.
You didn't know any spells.
Your spell library was empty.

Dungeon Overview and Level Annotations

Branches:
Dungeon (5/15)              Sewer (1/1)
 Temple: D:4-7

Altars:

Shops:
D:1 !


Innate Abilities, Weirdness & Mutations

You have a pair of horns on your head.
You reflexively headbutt those who attack you in melee.


Message History

A red film seems to cover your vision as you go berserk!
You feel yourself moving faster!
You feel mighty!
You feel very sick. The kobold hits you but does no damage.
You are more poisoned.
The kobold closely misses you. The kobold brigand closely misses you.
You barely miss the kobold brigand.
The kobold brigand is lightly wounded.
You feel very sick. The kobold hits you but does no damage.
The kobold hits you with a +0 short sword.
You hit the kobold brigand.
The kobold brigand is lightly wounded.
You feel very sick.
The kobold hits you with a +0 short sword.
* * * LOW HITPOINT WARNING * * *
You barely miss the kobold. Your headbutt misses the kobold.
You feel sick. The kobold hits you but does no damage.
You are lethally poisoned!
You bludgeon the kobold!!
You kill the kobold!
Trog accepts your kill.
* * * LOW HITPOINT WARNING * * *
You feel very sick. The kobold hits you but does no damage.
You closely miss the kobold.
* * * LOW HITPOINT WARNING * * *
You feel sick.
The kobold brigand hits you with a +0 dagger!
* * * LOW HITPOINT WARNING * * *
The kobold throws a stone.
The stone closely misses you. The kobold hits you but does no damage.
You are too berserk!
You sock the kobold!
You kill the kobold!
Trog accepts your kill.
* * * LOW HITPOINT WARNING * * *
You feel sick.
The kobold brigand hits you with a +0 dagger.
You die...

## .## ..## ##########
...####.....##.#
...............########
P.........P......#....#####
P..P.........÷..K)...!#.∩.#
≈≈..P......≈≈≈÷.@)K?∩[#.∩.#
≈≈P....÷.÷.≈≈≈≈≈P#....#...#
≈############≈≈########'###
≈≈≈≈≈≈≈≈≈≈≈≈≈≈≈≈≈≈≈≈≈≈≈≈≈≈#
≈≈≈≈≈≈≈≈≈≈≈≈≈≈≈≈≈≈≈≈≈≈≈≈≈≈#
≈≈≈≈≈≈≈≈≈≈≈≈≈≈≈≈≈≈≈≈≈≈≈≈≈≈#
#######≈≈≈#################
P...P≈≈≈≈≈P≈P....#....#
≈..P≈≈..≈≈≈≈.....').∩)#


You could see a kobold brigand and a kobold.

Vanquished Creatures
  A centaur (D:5)
  Natasha (thrice) (D:2)
  Robin (D:2)
  2 worms
  3 dart slugs
  11 bats
  6 endoplasms
  A giant cockroach (Sewer)
  12 goblins
  3 hobgoblins
  2 jackals (D:1)
  2 quokkas
  3 ball pythons
  A frilled lizard (D:1)
  19 kobolds
  3 rats
73 creatures vanquished.

Vanquished Creatures (others)
  A fungus (Sewer)
  A plant (Sewer)
2 creatures vanquished.

Grand Total: 75 creatures vanquished

Notes
Turn   | Place    | Note
-------+----------+-------------------------------------------
     0 | D:1      | r3xj the Minotaur Berserker began the quest for the Orb.
     0 | D:1      | Reached XP level 1. HP: 19/19 MP: 0/0
    49 | D:1      | Found Roemufud's Distillery.
   106 | D:1      | Reached skill level 4 in Maces & Flails
   254 | D:1      | Reached XP level 2. HP: 18/26 MP: 1/1
  1500 | D:2      | Found a faded altar of an unknown god.
  1506 | D:2      | Reached ** piety under Trog
  1534 | D:2      | Noticed Robin
  1574 | D:2      | Reached skill level 5 in Maces & Flails
  1978 | D:1      | Reached XP level 3. HP: 29/31 MP: 2/2
  2336 | D:2      | Noticed Natasha
  2345 | D:2      | Killed Natasha
  2346 | D:2      | Reached skill level 6 in Maces & Flails
  2346 | D:2      | Reached XP level 4. HP: 33/39 MP: 3/3
  2359 | D:2      | Noticed Natasha
  2366 | D:2      | Killed Natasha
  2572 | D:2      | Noticed Natasha
  2578 | D:2      | Killed Natasha
  2899 | D:2      | Killed Robin
  2900 | D:2      | Reached XP level 5. HP: 45/45 MP: 4/4
  2905 | D:2      | Reached skill level 7 in Maces & Flails
  3164 | D:3      | You fall into a shaft and drop 2 floors!
  3164 | D:5      | Entered Level 5 of the Dungeon
  3164 | D:5      | Noticed a centaur
  3171 | D:5      | Killed a centaur
  3256 | D:4      | Found a glowing drain.
  3271 | Sewer    | Entered a sewer
  3440 | Sewer    | Reached skill level 8 in Maces & Flails
  3586 | Sewer    | HP: 2/67 [poisoned by a kobold]
  3586 | Sewer    | Slain by a kobold brigand

Illustrated notes

Levels and vault maps discovered:
D:1:      amcnicky_arrival_underground_garden, layout_loops_cross, serial_shops,
          shop, serial_co_window_serial, co_window_paths_a, co_window_corner_a,
          co_window_corner_a, co_window_corner_a, co_window_paths_a,
          co_window_of_opportunity_c, co_window_broadway_a,
          co_window_unsneaky_path_b, glass_columns_b, minmay_tromino_i4
D:2:      layout_basic, nicolae_ecumenical_oubliette, uniq_natasha, uniq_robin
D:3:      minmay_spotlight, layout_loops_ring, grunt_ministairs_10
D:4:      layout_cave_pools, minmay_temple_entry_waves,
          cheibrodos_sewer_entry_sluice
D:5:      layout_basic, overflow_temple_1_default
Sewer:    kennysheep_pipe_town

Skill      XL: |  1  2  3  4  5 |
---------------+----------------+-----
Maces & Flails | 4 5 6 8 |  8.0
Fighting       | |  3.6
Armour         | |  2.4
Dodging        | |  2.1

Action                   |  1- 3 |  4- 6 || total
-------------------------+-------+-------++-------
Melee: Mace              |    71 |    88 ||   159
       Headbutt          |     8 |     8 ||    16
Invok: Berserk           |       |     4 ||     4
 Stab: Sleeping          |     2 |       ||     2
       Distracted        |     1 |       ||     1
Armor: Animal skin       |    11 |     1 ||    12
       Scale mail        |       |    34 ||    34
Dodge: Dodged            |    44 |    56 ||   100

Table legend: (Time is in decaauts)
 A = Elapsed time spent in this place.
 B = Non-inter-level travel time spent in this place.
 C = Inter-level travel time spent in this place.
 D = Time resting spent in this place.
 E = Time spent auto-exploring this place.
 F = Levels seen in this place.
 G = Mean time per level.
                   A        B        C        D        E       F      G
               +--------+--------+--------+--------+--------+-----+--------+
         Total |   3659 |   3488 |    171 |    456 |   2504 |   6 |  609.8 |
       Dungeon |   3318 |   3147 |    171 |    456 |   2269 |   5 |  663.6 |
         Sewer |    341 |    341 |      0 |      0 |    234 |   1 |  341.0 |
               +--------+--------+--------+--------+--------+-----+--------+

Top non-repeatable levels by time:
     D:1: 1856 daAuts
     D:2: 1311 daAuts
   Sewer: 341 daAuts
     D:5: 106 daAuts
     D:3: 27 daAuts
     D:4: 16 daAuts
